[Event "Snabb-SM för veteraner, 50+ 2019"]
[Site "Schackcentrum, Vegagatan 20, Gothenburg, Sweden"]
[Date "2019.10.06"]
[Round "11.1"]
[White "Svenn, Gosta"]
[Black "Bergre, Joachim"]
[Result "1/2-1/2"]
[TimeControl "15 minutes + 10 seconds per move from move one"]
[WhiteTitle "FM"]
[WhiteFideId "1700553"]
[BlackFideId "1704893"]
[WhiteElo "2272"]
[BlackElo "2035"]

1. d4 Nf6 2. c4 c5 3. d5 b5 4. Nf3 bxc4 5. Nc3 g6 6. e4 d6 7. Bxc4 Bg7 8. O-O O-O 9. Bg5 Nbd7 10.
h3 Rb8 11. Qd2 Qb6 12. Rab1 Ba6 13. Bxa6 Qxa6 14. Rfe1 Rb4 15. e5 dxe5 16. Nxe5 Rd4 17. Qc2 Nxe5 18. Rxe5 Rd8 19. Rxe7 Nxd5 20.
Nxd5 R4xd5 21. Qb3 c4 22. Qe3 Rxg5 23. Qxg5 Bf6 24. Qe3 Bxe7 25. Qxe7 Rd2 26. Qb4 Re2 27. Re1 Rxe1+ 28. Qxe1 Qxa2 29.
Qe8+ Kg7 30. Qe5+ Kg8 31. Qe8+ 1/2-1/2

[Event "Snabb-SM för veteraner, 50+ 2019"]
[Site "Schackcentrum, Vegagatan 20, Gothenburg, Sweden"]
[Date "2019.10.06"]
[Round "11.2"]
[White "Andreasson, Ingvar"]
[Black "Holst, Conny"]
[Result "1/2-1/2"]
[TimeControl "15 minutes + 10 seconds per move from move one"]
[WhiteFideId "1700294"]
[BlackFideId "1701428"]
[WhiteElo "2413"]
[BlackElo "2166"]

1. b3 Nf6 2. Bb2 g6 3.
g3 Bg7 4. Bg2 O-O 5. e3 d5 6. Nf3 Nbd7 7. d4 Ne4 8. O-O c5 9. Nbd2 Ndf6 10. c4 Bg4 11. h3 Bxf3 12. Bxf3 cxd4 13.
Bxd4 Qd7 14. Nxe4 dxe4 15. Bxf6 Qxd1 16. Raxd1 Bxf6 17. Bxe4 a5 18. Bxb7 Ra7 19. Bc6 Be5 20. Rd5 Bc3 21.
Rfd1 Bb4 22. Kf1 h5 23. Ke2 Kg7 24. h4 Rc8 25. Bb5 Bd6 26. R1d3 Rcc7 27. e4 Bb4 28. e5 f6 29. f4 fxe5 30.
Rxe5 Bd6 31. Re4 Ra8 32. Kf3 Kf6 33. Rd5 Bb4 34. Rd3 Rb8 35. Re5 Rb6 36. Ke4 Rd6 37. Red5 Re6+ 38. Kf3 Re1 39.
Rd8 Bc5 40. Rd2 Re3+ 41. Kg2 e5 42. fxe5+ Rxe5 43. R8d3 Rce7 44. Rd5 Bb4 45. Rf2+ Kg7 46. Rxe5 Rxe5 47. Rc2 Bd6 48. Rd2 Bb4 49. Rd7+ Kf6 50. Bc6 Re2+ 51.
Kf3 Rxa2 52. Ba4 Bc5 53. Rc7 Rf2+ 54. Ke4 Re2+ 55. Kd5 Re5+ 56. Kc6 Bf2 57. Rb7 Bxg3 58. c5 Bxh4 59. Ra7 Be1 60. Ra6 Bb4 61. Kb7+ Kg5 62. c6 Bd6 63. c7 Bxc7 64. Kxc7 Re7+ 65. Kd6 Re3 66. Rxa5+ Kf4 67. b4 h4 68. Bc6 g5 69. b5 Rb3 70.
Kc7 g4 71. Ra4+ Kg3 72. b6 h3 73.
b7 Kh2 74. Rxg4 Rxb7+ 75. Kd6 Rb2 76. Ke5 Rc2 77. Be4 Ra2 78. Rg7 Ra5+ 79. Kf4 Ra4 80. Rb7 Rxe4+ 81. Kxe4 Kg3 82. Rg7+ Kf2 83.
Rf7+ Kg3 84. Rg7+ Kf2 85. Kf4 h2 86. Ra7 h1=Q 87. Ra2+ Kg1 88. Ra1+ Kg2 89. Rxh1 Kg3+ 1/2-1/2

[Event "Snabb-SM för veteraner, 50+ 2019"]
[Site "Schackcentrum, Vegagatan 20, Gothenburg, Sweden"]
[Date "2019.10.06"]
[Round "11.3"]
[White "Angskog, Kent"]
[Black "Svenn, Matti"]
[Result "0-1"]
[TimeControl "15 minutes + 10 seconds per move from move one"]
[WhiteFideId "1703668"]
[BlackFideId "1705091"]
[WhiteElo "2136"]
[BlackElo "2195"]

1. Nf3 Nf6 2. c4 c5 3. Nc3 Nc6 4. e3 e6 5. d4 cxd4 6. exd4 d5 7. Bd3 Be7 8. O-O O-O 9. Bg5 dxc4 10.
Bxc4 b6 11. Rc1 Bb7 12. a3 Nd5 13. Bxe7 Ndxe7 14. b4 Rc8 15. Bb3 Qd6 16. Qd2 Ng6 17. Ne4 Qf4 18. Qxf4 Nxf4 19. Ng3 Ne7 20.
Rfd1 Bxf3 21. gxf3 Ned5 22. Kf1 f5 23. Bxd5 Nxd5 24. Ne2 Kf7 25. Rxc8 Rxc8 26. Rc1 Rxc1+ 27. Nxc1 Nf4 28. Ne2 Nxe2 29. Kxe2 g5 30. Kd3 Ke7 31. Kc4 Kd6 32. a4 a6 33. Kd3 Kd5 34. Kc3 h5 35. Kd3 h4 36. Kc3 g4 37. fxg4 fxg4 38. Kd3 h3 39. Ke3 Kc4 40. Ke4 Kxb4 41. Ke5 Kc4 42. Kxe6 Kxd4 43. Ke5+ 0-1

[Event "Snabb-SM för veteraner, 50+ 2019"]
[Site "Schackcentrum, Vegagatan 20, Gothenburg, Sweden"]
[Date "2019.10.06"]
[Round "11.4"]
[White "Eriksson, Kristian"]
[Black "Wesslen, Ulf"]
[Result "0-1"]
[TimeControl "15 minutes + 10 seconds per move from move one"]
[WhiteFideId "1705172"]
[BlackFideId "1705199"]
[WhiteElo "2025"]
[BlackElo "1971"]

1. e4 c5 2. Nf3 e6 3. Nc3 Nc6 4. d4 cxd4 5. Nxd4 Nf6 6. Nxc6 bxc6 7. e5 Nd5 8. Nxd5 cxd5 9. Bd3 Qc7 10.
Bf4 Rb8 11. O-O Rxb2 12. Qg4 g6 13. h4 Bg7 14. Rfe1 Rb4 15. h5 a5 16. Re3 Bh6 17. c4 g5 18. Bxg5 Rg8 19. f4 Qc5 20.
Rae1 Rg7 21. Qh4 Rb2 22. Kh1 Bb7 23. Bxh6 Rgxg2 24. Rg3 Qf2 25. Rh3 dxc4 26. Qxf2 Rgxf2+ 27. Kg1 Rg2+ 28. Kf1 Rbf2# 0-1

[Event "Snabb-SM för veteraner, 50+ 2019"]
[Site "Schackcentrum, Vegagatan 20, Gothenburg, Sweden"]
[Date "2019.10.06"]
[Round "11.5"]
[White "Sigeman, Johan"]
[Black "Andersson, Johan"]
[Result "0-1"]
[TimeControl "15 minutes + 10 seconds per move from move one"]
[WhiteFideId "1705601"]
[BlackFideId "1703935"]
[WhiteElo "2100"]
[BlackElo "2152"]

1. c4 d6 2. d4 e5 3. Nf3 e4 4. Ng5 f5 5. f3 h6 6. Nh3 g5 7. fxe4 fxe4 8. Nf2 Nf6 9. Nc3 Qe7 10.
Be3 Bg7 11. Qc2 Bf5 12. O-O-O Nc6 13. g3 O-O 14. Bg2 Rae8 15. h3 Bg6 16. g4 Nb4 17. Qb3 c5 18. Rhf1 Nc6 19. dxc5 dxc5 20.
Qb5 Nd4 21. Bxd4 cxd4 22. Rxd4 Kh8 23.
e3 a6 24. Qb6 Kh7 25. Rd6 Rc8 26. Nfxe4 Bxe4 27. Rfxf6 Bxg2 28. Rxh6+ Kg8 29. Rhe6 Qc7 30. Qb3 Qxc4 31. Re7 Qxb3 32. axb3 Rf7 0-1

[Event "Snabb-SM för veteraner, 50+ 2019"]
[Site "Schackcentrum, Vegagatan 20, Gothenburg, Sweden"]
[Date "2019.10.06"]
[Round "11.6"]
[White "Frisk, Hans"]
[Black "Svensson, Sven"]
[Result "0-1"]
[TimeControl "15 minutes + 10 seconds per move from move one"]
[WhiteFideId "1708570"]
[BlackFideId "1709240"]
[WhiteElo "1948"]
[BlackElo "2158"]

1. b3 e5 2. Bb2 Nc6 3. e3 Nf6 4. Nf3 d6 5. d4 exd4 6. Nxd4 Be7 7. g3 O-O 8. Bg2 Bd7 9. O-O d5 10.
Nc3 Nxd4 11. Qxd4 c6 12. Rad1 Bf5 13. Qd2 Qc7 14. Rfe1 Rad8 15. Qc1 Rfe8 16. Ne2 Bg4 17. h3 Bd7 18.
c4 dxc4 19. Qxc4 Be6 20. Qc3 a5 21. Nd4 Bb4 22. Nxe6 Rxe6 23. Rxd8+ Qxd8 24. Qc1 Bxe1 25. Qxe1 Rd6 26. Qc3 h6 27. e4 Rd1+ 28. Kh2 Qd2 29.
Qf3 Re1 30. Bxf6 gxf6 31. Qxf6 Re2 32. Kg1 Qe1+ 33. Kh2 Qxf2 0-1

[Event "Snabb-SM för veteraner, 50+ 2019"]
[Site "Schackcentrum, Vegagatan 20, Gothenburg, Sweden"]
[Date "2019.10.06"]
[Round "11.7"]
[White "Madebrink, Lars"]
[Black "Andersson, Christer"]
[Result "1-0"]
[TimeControl "15 minutes + 10 seconds per move from move one"]
[WhiteFideId "1701347"]
[BlackFideId "1734857"]
[WhiteElo "2179"]
[BlackElo "1678"]

1. d4 Nf6 2. c4 e6 3.
Nf3 d5 4. g3 dxc4 5. Qa4+ Nbd7 6. Bg2 a6 7. Qxc4 b5 8.
Qc2 Bb7 9. O-O c5 10. dxc5 Bxc5 11. Nc3 O-O 12. Bf4 Qb6 13. Rac1 Rac8 14. Qb3 Ne4 15. Nxe4 Bxe4 16. Ng5 Bxg2 17. Kxg2 h6 18. Ne4 Qb7 19. Qf3 Qb6 20. Nxc5 Nxc5 21.
Be3 Qd6 22. Rfd1 Qe7 23. Qg4 f5 24. Qb4 Qb7+ 25. f3 Na4 26. b3 Nb6 27. Qd6 Na8 28. Qxe6+ Kh8 29. Rd7 Rc7 30. Rcxc7 Nxc7 31.
Qe7 1-0

[Event "Snabb-SM för veteraner, 50+ 2019"]
[Site "Schackcentrum, Vegagatan 20, Gothenburg, Sweden"]
[Date "2019.10.06"]
[Round "11.8"]
[White "Borvander, Tom"]
[Black "Hautajarvi, Jukka"]
[Result "0-1"]
[TimeControl "15 minutes + 10 seconds per move from move one"]
[WhiteFideId "1707388"]
[BlackFideId "1716190"]
[WhiteElo "2066"]
[BlackElo "2145"]

1. d4 Nf6 2. c4 e6 3. g3 c5 4.
d5 d6 5.
Nc3 e5 6. e4 Be7 7. Bg2 O-O 8. Nf3 Nbd7 9.
O-O Ne8 10. Bd2 g6 11. h4 Ng7 12. Bh6 Nf6 13. Nh2 a6 14. Qe2 Bd7 15. a4 Qc8 16. Rfb1 a5 17. Nb5 Ng4 18. Bd2 b6 19.
Ra3 Nxh2 20. Kxh2 f5 21. Rf1 Qd8 22. f4 Bxb5 23. axb5 Bf6 24. Bh3 fxe4 25. f5 gxf5 26. Bxf5 Nxf5 27.
Rxf5 Bg7 28. Qxe4 Qd7 29. Raf3 Rxf5 30. Rxf5 Rf8 31. Rxf8+ Kxf8 32. b3 Qf7 33. Kg2 Kg8 34. Qg4 Kf8 35. Qc8+ Qe8 36. Qf5+ Kg8 37. Kf3 Kh8 38. Ke4 h6 39.
h5 a4 40. bxa4 Qa8 41. a5 bxa5 42.
Qd7 Qf8 43. Qf5 Qa8 44. b6 a4 45.
Qd7 Qa6 46. b7 Qxc4+ 47. Kf5 Qf1+ 48. Kg4 Qe2+ 0-1

[Event "Snabb-SM för veteraner, 50+ 2019"]
[Site "Schackcentrum, Vegagatan 20, Gothenburg, Sweden"]
[Date "2019.10.06"]
[Round "11.9"]
[White "Naslund, Mikael"]
[Black "Kirppo, Ronny"]
[Result "1-0"]
[TimeControl "15 minutes + 10 seconds per move from move one"]
[WhiteTitle "FM"]
[WhiteFideId "1708260"]
[BlackFideId "1724681"]
[WhiteElo "2076"]
[BlackElo "1877"]

1. d4 Nf6 2. c4 e5 3. dxe5 Ng4 4. Bf4 Nc6 5. Nf3 Bb4+ 6.
Nbd2 Qe7 7. e3 Ngxe5 8. Nxe5 Nxe5 9. Be2 O-O 10. O-O b6 11. Nf3 Bd6 12. Nd4 Bb7 13. Nf5 Qe6 14. Nxd6 cxd6 15. Qd4 Rac8 16. b3 Rc5 17.
Rfd1 Qg6 18. Bg3 Re8 19. Qxd6 f6 20. Bf1 h5 21. Bxe5 Rcxe5 22. Qxd7 Bf3 23. Rd4 Rg5 24. g3 Rxe3 25.
fxe3 Rxg3+ 26. Kf2 h4 27. Qd8+ Kf7 28. Qc7+ Kg8 29. hxg3 1-0

[Event "Snabb-SM för veteraner, 50+ 2019"]
[Site "Schackcentrum, Vegagatan 20, Gothenburg, Sweden"]
[Date "2019.10.06"]
[Round "11.10"]
[White "Jacobsson, Lennart"]
[Black "Ansner, Bjorn"]
[Result "1/2-1/2"]
[TimeControl "15 minutes + 10 seconds per move from move one"]
[WhiteFideId "1753320"]
[BlackFideId "1702769"]
[WhiteElo "1833"]
[BlackElo "1934"]

1. e4 c5 2. Nf3 Nc6 3. c3 d5 4. exd5 Qxd5 5. d4 Bg4 6. Be2 e6 7. O-O Nf6 8. h3 Bh5 9. Be3 cxd4 10.
cxd4 Be7 11. Nc3 Qd8 12. Qb3 O-O 13. Rfd1 Na5 14. Qa4 Nd5 15. Nxd5 exd5 16. Rac1 a6 17. b4 Nc6 18. a3 Qd6 19.
Qc2 Bg6 20. Bd3 Rfc8 21. Qe2 Bxd3 22. Qxd3 Bf6 23. Re1 1/2-1/2

[Event "Snabb-SM för veteraner, 50+ 2019"]
[Site "Schackcentrum, Vegagatan 20, Gothenburg, Sweden"]
[Date "2019.10.06"]
[Round "11.11"]
[White "Sandgren, Per-Olov"]
[Black "Karlsson, Ulf"]
[Result "0-1"]
[TimeControl "15 minutes + 10 seconds per move from move one"]
[WhiteFideId "1713884"]
[BlackFideId "1721674"]
[WhiteElo "1458"]
[BlackElo "2035"]

1. e4 c5 2. Nf3 Nc6 3. d4 cxd4 4.
Nxd4 e5 5. Nb3 Nf6 6. Nc3 Bb4 7.
Bd3 d5 8. exd5 Nxd5 9. Bd2 Nxc3 10. bxc3 Be7 11. Qf3 O-O 12. Rd1 Be6 13. Be3 Qc8 14. h3 f5 15. Qe2 b6 16. Bc4 Kh8 17. O-O f4 18. Bxe6 Qxe6 19. Bc1 f3 20.
Qe4 Rac8 21. Rd3 fxg2 22. Kxg2 Bf6 23. Rfd1 Ne7 24. Rd6 Qf7 25. Bb2 Rc4 26. Qe2 Qg6+ 27. Kh1 Rh4 28. R6d3 Nf5 29.
Rg1 Qf7 30. Rf3 Qe6 31. Nd4 Nxd4 32. cxd4 Rxh3+ 0-1